 Dungeon Crawl Stone Soup version 0.30-a0-373-gd37427bb62 (webtiles) character file.

Game seed: 10161885538590543819

75 greenreed the Shooter (level 4, -1/25 HPs)
             Began as a Kobold Hexslinger on Nov 24, 2022.
             Slain by a hound (4 damage)
             ... on level 2 of the Dungeon.
             The game lasted 00:02:20 (1487 turns).

greenreed the Shooter (Kobold Hexslinger)           Turns: 1487, Time: 00:02:20

Health: -1/25      AC:  3    Str:  7    XL:     4   Next: 55%
Magic:  1/5        EV: 15    Int: 14    God:
Gold:   120        SH:  5    Dex: 17    Spells: 4/5 levels left

rFire   . . .      SeeInvis .    a - +1 sling
rCold   . . .      Faith    .    (no shield)
rNeg    . . .      Spirit   .    c - +0 robe
rPois   .          Reflect  +    (no helmet)
rElec   .          Harm     .    (no cloak)
rCorr   .          Rampage  .    q - +0 pair of gloves
Will    .....                    (no boots)
Stlth   +++.......               n - amulet of reflection
HPRegen 0.24/turn                (no ring)
MPRegen 0.09/turn                (no ring)

@: no status effects
A: small, no large weapons, nightstalker 3
a: no special abilities


You were on level 2 of the Dungeon.
You visited 1 branch of the dungeon, and saw 3 of its levels.

You collected 120 gold pieces.

Inventory:

Hand Weapons
 a - a +1 sling (weapon)
Missiles
 i - 5 poisoned darts
Armour
 c - a +0 robe (worn)
 q - a +0 pair of gloves (worn)
Jewellery
 n - an amulet of reflection (around neck)
Scrolls
 b - a scroll of poison
 d - a scroll of noise {unknown}
 g - a scroll of brand weapon {unknown}
 k - 2 scrolls of teleportation {unknown}
 l - a scroll of identify {unknown}
 o - a scroll of enchant armour {unknown}
 p - a scroll of immolation {unknown}
Potions
 e - 3 potions of curing {unknown}
 f - a potion of might {unknown}
 h - 2 potions of flight {unknown}
 j - a potion of resistance {unknown}
 m - a potion of brilliance {unknown}


   Skills:
 + Level 1.4 Fighting
 * Level 4.8 Ranged Weapons
 + Level 2.5 Dodging
 * Level 1.2 Spellcasting
 * Level 3.7 Hexes


You had 4 spell levels left.
You knew the following spells:

 Your Spells              Type           Power      Damage    Failure   Level
a - Slow                  Hex            44%        N/A       5%          1

Your spell library contained the following spells:

 Spells                   Type           Power      Damage    Failure   Level
 Inner Flame              Hex/Fire       6%         N/A       34%         3
 Portal Projectile        Hex/Tloc       12%        N/A       34%         3
 Cause Fear               Hex            5%         N/A       50%         4


Dungeon Overview and Level Annotations

Branches:
Dungeon (3/15)

Altars:


Innate Abilities, Weirdness & Mutations

You are small and have problems with some larger weapons.
You are completely attuned to the shadows.


Message History

You shoot a sling bullet.
The sling bullet closely misses the hound.
You block the hound's attack. The hound bites you but does no damage.
You shoot a sling bullet.
The sling bullet hits the hound but does no damage.
The hound is moderately wounded.
The hound closely misses you.
You shoot a sling bullet.
The sling bullet closely misses the hound.
The hound barely misses you.
You shoot a sling bullet. The sling bullet misses the hound.
The hound bites you.
* * * LOW HITPOINT WARNING * * *
You shoot a sling bullet. The sling bullet misses the hound.
The hound bites you.
* * * LOW HITPOINT WARNING * * *
You shoot a sling bullet.
The sling bullet barely misses the hound.
The hound is no longer moving slowly.
The hound bites you.
* * * LOW HITPOINT WARNING * * *
You shoot a sling bullet. The sling bullet hits the hound.
The hound is severely wounded.
The hound barely misses you. The hound misses you.
You shoot a sling bullet.
The sling bullet hits the hound but does no damage.
The hound is severely wounded.
The hound bites you.
* * * LOW HITPOINT WARNING * * *
The hound closely misses you.
You shoot a sling bullet.
The sling bullet hits the hound but does no damage.
The hound is severely wounded.
The hound misses you. x2
You shoot a sling bullet.
The sling bullet closely misses the hound.
You block the hound's attack.
You shoot a sling bullet.
The sling bullet closely misses the hound.
The hound bites you.
You die...

....# #.....###.##..#.#......†.#
#...####...#.###.##......#..#.#..
#).........................##.##.
.÷.#####..#.................#.##.
#...####..#.####.#.......####.##.
#....<................>...# #.##.
..........#.####.#........# #.##.
#...........######.#####..###.##.
#...............@h..# #.........
#....##.#...........# #..###.##.
#..#.##.#...........# #..# #.##.
#..#.##.#...........####..###....
#.<#.##.##########...............
..##.............................
#######.#########...####'#######.
#.# #######...##.......# #. #.#
#.........##.......# #.


You could see a hound.

Vanquished Creatures
  A hound (D:2)
  An adder (D:2)
  2 dart slugs (D:2)
  A bat (D:1)
  2 endoplasms
  A hobgoblin (D:1)
  4 jackals (D:1)
  5 kobolds
  A quokka (D:2)
  A ball python (D:2)
  10 frilled lizards (D:2)
  3 goblins (D:2)
  3 rats
35 creatures vanquished.

Notes
Turn   | Place    | Note
-------+----------+-------------------------------------------
     0 | D:1      | greenreed the Kobold Hexslinger began the quest for the
                  | Orb.
     0 | D:1      | Reached XP level 1. HP: 12/12 MP: 2/2
   142 | D:1      | Reached XP level 2. HP: 16/16 MP: 3/3
   204 | D:1      | Reached skill level 3 in Ranged Weapons
   707 | D:2      | Reached skill level 4 in Ranged Weapons
   707 | D:2      | Reached XP level 3. HP: 13/20 MP: 4/4
   728 | D:2      | Reached XP level 4. HP: 23/25 MP: 5/5
  1445 | D:3      | Noticed a phantom
  1487 | D:2      | Slain by a hound

Illustrated notes

Levels and vault maps discovered:
D:1:      matt_arrival_spirals, layout_rooms, serial_glass, glass_columns_b,
          glass_columns_a, feat_on_display, minmay_strange_pillars
D:2:      layout_basic, hex_tiny, minmay_lizard_pond
D:3:      layout_loops_ring, minmay_misc_feat_doors, uniq_grinder

Skill      XL: |  1  2 |
---------------+-------+-----
Ranged Weapons | 4 |  4.8
Fighting       | |  1.4
Dodging        | |  2.5
Spellcasting   | |  1.2
Hexes          | |  3.7

Action                   |  1- 3 |  4- 6 || total
-------------------------+-------+-------++-------
 Fire: Sling             |    56 |    71 ||   127
 Cast: Slow              |       |     7 ||     7
Armor: Robe              |     5 |     6 ||    11
Dodge: Dodged            |    22 |    36 ||    58
Block: Other             |       |    11 ||    11

Table legend: (Time is in decaauts)
 A = Elapsed time spent in this place.
 B = Non-inter-level travel time spent in this place.
 C = Inter-level travel time spent in this place.
 D = Time resting spent in this place.
 E = Time spent auto-exploring this place.
 F = Levels seen in this place.
 G = Mean time per level.
                   A        B        C        D        E       F      G
               +--------+--------+--------+--------+--------+-----+--------+
         Total |   1513 |   1456 |     57 |      0 |   1208 |   3 |  504.3 |
       Dungeon |   1513 |   1456 |     57 |      0 |   1208 |   3 |  504.3 |
               +--------+--------+--------+--------+--------+-----+--------+

Top non-repeatable levels by time:
     D:2: 998 daAuts
     D:1: 509 daAuts
     D:3: 5 daAuts
